 Dungeon Crawl Stone Soup version 0.28.0-53-g5a82cb258f (webtiles) character file.

Game seed: 11013809431729128233

3117 firemarshallily the Cleaver (level 9, 0/102 HPs)
             Began as an Octopode Berserker on June 22, 2022.
             Was an Elder of Trog.
             Engulfed by a steam dragon's steam (7 damage)
             ... on level 7 of the Dungeon.
             The game lasted 00:14:00 (8977 turns).

firemarshallily the Cleaver (Octopode Berserker)    Turns: 8977, Time: 00:14:00

Health: 0/102      AC:  1    Str: 20    XL:     9   Next: 91%
Magic:  9/9        EV: 19    Int: 10    God:    Trog [****..]
Gold:   298        SH:  0    Dex: 11    Spells: 8/8 levels left

rFire   . . .      SeeInvis .   r - +0 war axe (flame)
rCold   . . .      Faith    .   (no shield)
rNeg    + . .      Spirit   .   (helmet restricted)
rPois   .          Reflect  .   (no amulet)
rElec   .          Harm     .   j - ring of positive energy
rCorr   .          Rampage  .   b - +4 ring of evasion
Will    .....                   (no ring)
Stlth   ..........              (no ring)
HPRegen 0.27/turn               (no ring)
MPRegen 0.11/turn               (no ring)
                                (no ring)
                                (no ring)

@: berserking, very quick
A: almost no armour, amphibious, 8 rings, camouflage 1, gelatinous body 1,
(nimble swimmer 1), tentacles
a: Renounce Religion, Berserk, Trog's Hand, Brothers in Arms


You were on level 7 of the Dungeon.
You worshipped Trog.
Trog was greatly pleased with you.
You visited 1 branch of the dungeon, and saw 7 of its levels.

You collected 298 gold pieces.

Inventory:

Hand Weapons
 a - a +0 hand axe
 r - a +0 war axe of flaming (weapon)
Missiles
 c - 261 stones (quivered)
 k - 2 javelins
 n - 2 poisoned darts
Jewellery
 b - a +4 ring of evasion (right tentacle)
 j - a ring of positive energy (left tentacle)
Wands
 p - a wand of polymorph (9)
 s - a wand of iceblast (7)
Scrolls
 d - 2 scrolls of enchant armour
Potions
 e - 3 potions of flight
 f - 3 potions of degeneration {unknown}
 g - a potion of haste
 h - a potion of cancellation {unknown}
 i - 2 potions of mutation {unknown}
 l - a potion of attraction {unknown}
 m - a potion of resistance {unknown}
 o - a potion of magic {unknown}


   Skills:
 * Level 9.1 Fighting
 * Level 9.1 Axes
 + Level 6.7 Dodging


You had 8 spell levels left.
You didn't know any spells.
Your spell library contained the following spells:

 Spells                   Type           Power      Damage    Failure   Level
 Ensorcelled Hibernation  Hex/Ice        0%         N/A       50%         2
 Passwall                 Tmut/Erth      0%         N/A       50%         2
 Gell's Gravitas          Tloc           0%         N/A       75%         3
 Swiftness                Air            0%         N/A       75%         3
 Teleport Other           Tloc           0%         N/A       75%         3
 Dispersal                Tloc           0%         N/A       100%        6


Dungeon Overview and Level Annotations

Branches:
Dungeon (7/15)             Temple (0/1) D:5

Altars:
Dithmenos
The Shining One


Innate Abilities, Weirdness & Mutations

You cannot wear most types of armour.
You are amphibious.
You can wear up to eight rings at the same time.
Your skin changes colour to match your surroundings (Stealth+).
Your rubbery body absorbs attacks. (AC +1, EV +1)
((You are camouflaged when in or above water. (Stealth+)))
You have tentacles for arms and can constrict up to eight enemies at once.


Message History

You destroy the necrophage!
Trog accepts your kill. The steam dragon closely misses you.
The steam dragon misses you. The sky beast misses you.
Your life force feels restored.
You barely miss the sky beast. Your squeeze misses the sky beast.
You hit the steam dragon but do no damage.
You closely miss the ice beast.
You are engulfed in a cloud of scalding steam.
The ice beast hits you but does no damage.
The steam dragon misses you. The steam dragon barely misses you.
The sky beast closely misses you.
You barely miss the steam dragon.
The steam dragon is heavily wounded.
You hit the ice beast.
You melt the ice beast.
You hit the sky beast. You burn the sky beast. The ice beast hits you.
The ice beast freezes you! The steam dragon completely misses you.
The steam dragon closely misses you. The sky beast misses you.
You slash the steam dragon! You burn the steam dragon.
The steam dragon is almost dead.
You hit the ice beast but do no damage. You closely miss the sky beast.
The ice beast hits you. The ice beast freezes you!
* * * LOW HITPOINT WARNING * * *
The steam dragon misses you. The steam dragon claws you.
* * * LOW HITPOINT WARNING * * *
The sky beast hits you.
* * * LOW HITPOINT WARNING * * *
The sky beast shocks you.
* * * LOW HITPOINT WARNING * * *
You feel much better. The ice beast barely misses you.
The steam dragon breathes steam at you. The ball of steam hits you!!
* * * LOW HITPOINT WARNING * * *
The sky beast closely misses you.
You are engulfed in a cloud of scalding steam.
* * * LOW HITPOINT WARNING * * *
A red film seems to cover your vision as you go berserk!
You feel yourself moving faster!
You feel mighty!
You are engulfed in a cloud of scalding steam.
You die...

.## ..##### ......#
### ..###.# .§§... #
......#. .§... .##
...####... §§. #..
.#.# #.# #.§# ###.#
.#.# #.# #.#§#.#.#
.#.# ##.####.##@#Y#
.#.# #....##.###D#
##.## #....##.##Y#)#
##..# #.......#.#.#.#
###.###........#Y###.#
# #..###.#......## #..
# ##.###.#.........
... #
#..##.#.......... .##
# ##.##.############ #


You could see a steam dragon (catching breath).

Vanquished Creatures
  Maggie (D:6)
  A wraith (D:6)
  Sigmund (D:5)
  Eustachio (D:6)
  A steam dragon (D:6)
  Menkaure (D:6)
  A black bear (D:5)
  A sky beast (D:6)
  A hornet zombie (D:6)
  An ogre (D:4)
  2 necrophages
  3 centaurs
  A kobold brigand (D:5)
  2 scorpions
  A wyvern zombie (D:3)
  The ghost of Kranky the Skirmisher, a weakling OpFi (D:3)
  A vampire bat (D:5)
  A howler monkey (D:5)
  3 centaur zombies
  A bullfrog zombie (D:3)
  A jelly (D:6)
  3 orc priests (D:7)
  A centaur skeleton (D:6)
  A bullfrog skeleton (D:3)
  6 hounds
  5 iguanas
  An orc wizard (D:7)
  8 gnolls
  8 adders
  2 shadow imps
  An adder skeleton (D:5)
  2 worms
  7 dart slugs
  3 fire bats (D:5)
  9 orcs
  2 spectral bats (D:5)
  18 bats
  A bat simulacrum (D:5)
  3 bat skeletons (D:5)
  A bat zombie (D:5)
  8 endoplasms
  5 giant cockroaches
  7 hobgoblins
  3 jackals (D:1)
  5 quokkas
  4 ball pythons
  2 frilled lizards
  9 goblins
  10 kobolds
  9 rats
171 creatures vanquished.

Vanquished Creatures (others)
  16 fungi (D:4)
16 creatures vanquished.

Grand Total: 187 creatures vanquished

Notes
Turn   | Place    | Note
-------+----------+-------------------------------------------
     0 | D:1      | firemarshallily the Octopode Berserker began the quest for
                  | the Orb.
     0 | D:1      | Reached XP level 1. HP: 16/16 MP: 1/1
   183 | D:1      | Reached XP level 2. HP: 9/21 MP: 2/2
   629 | D:1      | Reached XP level 3. HP: 19/26 MP: 3/3
   957 | D:1      | Reached ** piety under Trog
  1508 | D:2      | Found a shadowy altar of Dithmenos.
  1666 | D:2      | Reached XP level 4. HP: 33/33 MP: 4/4
  2374 | D:3      | Noticed a necrophage
  2380 | D:3      | Killed a necrophage
  2381 | D:3      | Reached XP level 5. HP: 26/38 MP: 5/5
  3190 | D:3      | Found a runed translucent gate.
  3190 | D:3      | Found a runed translucent gate.
  3191 | D:3      | Found a runed translucent gate.
  3193 | D:3      | Noticed Kranky's ghost (weakling OpFi)
  3293 | D:3      | Reached XP level 6. HP: 33/44 MP: 6/6
  3565 | D:3      | Killed Kranky's ghost
  3566 | D:3      | Reached skill level 5 in Fighting
  3566 | D:3      | Reached skill level 5 in Axes
  3571 | D:3      | Reached XP level 7. HP: 50/50 MP: 7/7
  4133 | D:4      | Reached *** piety under Trog
  4435 | D:5      | Entered Level 5 of the Dungeon
  4438 | D:5      | Noticed Sigmund
  4449 | D:5      | Killed Sigmund
  4690 | D:5      | Reached XP level 8. HP: 43/58 MP: 8/8
  4956 | D:5      | Reached skill level 5 in Dodging
  6082 | D:5      | Found a staircase to the Ecumenical Temple.
  6326 | D:5      | Reached **** piety under Trog
  6593 | D:6      | Noticed a wraith
  6609 | D:6      | Killed a wraith
  6858 | D:6      | Noticed Maggie
  6869 | D:6      | Reached XP level 9. HP: 6/66 MP: 9/9
  6871 | D:6      | Killed Maggie
  7187 | D:6      | Found a glowing golden altar of the Shining One.
  7403 | D:6      | Noticed Menkaure
  7412 | D:6      | Killed Menkaure
  7877 | D:6      | Noticed Eustachio
  7898 | D:6      | Killed Eustachio
  8977 | D:7      | Engulfed by a steam dragon's steam

Illustrated notes

Levels and vault maps discovered:
D:1:      nicolae_arrival_washed_ashore, layout_loops_ring,
          minmay_misc_feat_ornament, grunt_decor_one_mirror
D:2:      layout_loops_ring, basic_altar, skrybe_limestone_x
D:3:      layout_loops_corners, gammafunk_ghost_necromancy,
          supply_closet_lemuel, minivault_27, minmay_misc_feat_pillars,
          minmay_liquid_box
D:4:      layout_loops_cross, serial_aquarium, aquarium_bridge_straight
          [aquarium_subvault_bridge, aquarium_subvault_window,
          aquarium_subvault_bridge, aquarium_subvault_balcony],
          aquarium_bridge_island_small [aquarium_subvault_small_open,
          aquarium_subvault_bridge, aquarium_subvault_window,
          aquarium_subvault_window, aquarium_subvault_window],
          aquarium_window_fake, aquarium_window_fake, aquarium_view_2a
D:5:      layout_loops_ring, temple_hall, grunt_ministairs_3, goddamned_bats,
          uniq_sigmund
D:6:      layout_basic, nicolae_tso_carved_into_rock, uniq_eustachio,
          uniq_maggie, uniq_menkaure
D:7:      layout_basic, minmay_circle_x

Skill      XL: |  1  2  3  4  5  6  7  8  9 |
---------------+----------------------------+-----
Fighting       | 4 5 6 7 9 |  9.1
Axes           | 4 5 6 7 9 |  9.1
Dodging        | 4 5 6 |  6.7

Action                   |  1- 3 |  4- 6 |  7- 9 || total
-------------------------+-------+-------+-------++-------
Melee: Hand axe          |    74 |    80 |   182 ||   336
       Constrict         |    15 |    18 |    53 ||    86
       Tentacles         |    15 |    15 |    55 ||    85
       Punch             |     1 |     1 |     5 ||     7
       War axe           |       |       |    84 ||    84
Throw: Stone             |       |       |     2 ||     2
Invok: Berserk           |       |     1 |     5 ||     6
  Use: Scroll            |     2 |     1 |     8 ||    11
       Potion            |       |       |     2 ||     2
 Stab: Sleeping          |    13 |     4 |     8 ||    25
Armor: Skin              |    13 |     5 |    29 ||    47
Dodge: Dodged            |    37 |    45 |   248 ||   330
